 Dungeon Crawl Stone Soup version 0.16-a0-3946-g4f19e5c (webtiles) character file.

2317 abixa the Fiendish (level 9, -2/75 HPs)
             Began as a Hill Orc Gladiator on Feb 9, 2015.
             Was a Priest of Makhleb.
             Killed from afar by a deep elf knight (11 damage)
             ... with a spray of energy
             ... in a bailey.
             The game lasted 00:27:19 (6655 turns).

abixa the Fiendish (Hill Orc Gladiator)             Turns: 6655, Time: 00:27:19

Health: -2/75      AC: 14    Str: 18    XL:     9   Next: 41%
Magic:  22/22      EV:  8    Int:  8    God:    Makhleb [***...]
Gold:   401        SH:  0    Dex: 14    Spells: 0 memorised, 8 levels left

rFire  . . .     SeeInvis .     a - +0 war axe
rCold  . . .     Clarity  .     o - +0 chain mail
rNeg   . . .     SustAb   .     (no shield)
rPois  +         Gourm    .     c - +0 helmet
rElec  .         Spirit   .     l - +0 cloak
rCorr  .         Warding  .     j - +1 pair of gloves
rMut   .         Stasis   .     (no boots)
MR     .....                    (no amulet)
Stlth  ..........               (no ring)
                                m - ring of poison resistance

@: not resistant to hostile enchantments, extremely unstealthy
A: no striking features
a: Minor Destruction, Lesser Servant of Makhleb, Renounce Religion


You were in a bailey.
You worshipped Makhleb.
Makhleb was most pleased with you.
You were hungry.

You visited 1 branch of the dungeon, and saw 7 of its levels.
You also visited: Sewer and Bailey.

You collected 401 gold pieces.

Inventory:

Hand weapons
 a - a +0 war axe (weapon)
 k - a +1 hand axe of flaming
 y - a +0 halberd
 A - a +3 dagger of venom
Missiles
 g - 228 stones (quivered)
Armour
 c - a +0 helmet (worn)
 j - a +1 pair of gloves (worn)
 l - a +0 cloak (worn)
 o - a +0 chain mail (worn)
 t - a +0 ring mail of fire resistance
Jewellery
 m - a ring of poison resistance (left hand)
Magical devices
 e - a wand of draining (5)
 r - a wand of random effects (29)
 C - a wand of slowing (9)
Scrolls
 n - 2 scrolls of remove curse
 p - 2 scrolls of immolation
 q - a scroll of blinking
 s - 2 scrolls of teleportation
 I - a scroll of fear
Potions
 h - 6 potions of curing
 i - a potion of brilliance
 u - 2 potions of flight
 v - a potion of heal wounds
 x - a potion of haste
 D - a potion of resistance
Comestibles
 b - 2 bread rations
 f - 3 meat rations
 B - a royal jelly
 J - a slice of pizza
 K - 2 fruits


   Skills:
 - Level 5.9 Fighting
 + Level 9.7 Axes
 - Level 2.0 Throwing
 + Level 4.7 Armour
 - Level 2.4 Dodging
 + Level 10.3 Invocations


You had 8 spell levels left.
You didn't know any spells.

Dungeon Overview and Level Annotations

Branches:
Dungeon (7/15)
 Temple: D:4-7

Altars:
Elyvilon
Gozag
Makhleb
Sif Muna
Yredelemnul
Zin

Annotations:
D:3 1 exclusion
D:7 1 exclusion


Message History

You barely miss something. Something hits you but does no damage.
You miss something. Something hits you!
Your chain mail prevents you from hitting something.
Something hits you.
* * * LOW HITPOINT WARNING * * *
Use which ability? (? or * to list)
A demon appears!
You feel slightly more hungry. Something hits you but does no damage.
Press: ? - help, v - describe, . - travel A stone wall.
Unknown command.
You closely miss something.
Your hellwing closely misses something.
Your hellwing misses something.
You hear some strange, mumbled words.
The spray of energy hits you!
* * * LOW HITPOINT WARNING * * *
Your hellwing closely misses something. x2
You hear some strange, mumbled words.
The spray of energy hits you!
You die...

#.)..#.....#....#
#....##...##....#
##..##'######4.##
######(..###...##'#
##..##.....#.....##..
#....#..∩..#.....#
...#
#....#.....#.....#
..#
##..###...)#....##
.## ##'# #####@#####
# ##..###..).#....##
#....#.....#.....#
#....#.....#.....#
##..##.....#.....#
###'##...###...###
##..#####'###..##
#....##...##....#
#....#.....#....#


You could see a friendly hellwing.

Vanquished Creatures
  A deep elf mage (Bailey)
  4 deep elf fighters (Bailey)
  A phantom (D:6)
  Sigmund (D:4)
  Duvessa (D:4)
  A centaur (D:7)
  A big kobold (Sewer)
  A giant frog (D:3)
  2 scorpions
  Dowan (D:4)
  A centaur zombie (D:5)
  2 jellies
  3 orc priests
  2 centaur skeletons
  An iguana (D:4)
  2 hounds
  3 orc wizards
  6 worker ants
  Ijyb (D:2)
  A hound zombie (D:5)
  A hound skeleton (D:4)
  A worker ant zombie (D:6)
  11 gnolls
  6 adders
  2 river rats (D:3)
  2 shadow imps
  2 giant mites (D:3)
  4 worms
  2 oozes (D:3)
  24 orcs
  A bat skeleton (D:5)
  7 giant cockroaches
  2 gnoll zombies (D:6)
  10 hobgoblins
  2 jackals (Sewer)
  3 quokkas
  2 ball pythons
  14 bats
  5 giant geckos
  4 giant newts
  11 goblins
  22 kobolds
  16 rats
190 creatures vanquished.

Vanquished Creatures (collateral kills)
  A deep elf priest (Bailey)
1 creature vanquished.

Vanquished Creatures (others)
  A quokka (D:5)
1 creature vanquished.

Grand Total: 192 creatures vanquished

Notes
Turn   | Place    | Note
--------------------------------------------------------------
     0 | D:1      | abixa, the Hill Orc Gladiator, began the quest for the Orb.
     0 | D:1      | Reached XP level 1. HP: 18/18 MP: 1/1
   210 | D:1      | Reached XP level 2. HP: 20/25 MP: 2/2
   444 | D:1      | Reached skill level 5 in Axes
   835 | D:2      | Reached XP level 3. HP: 27/30 MP: 3/3
   878 | D:2      | Noticed Ijyb
   904 | D:2      | Killed Ijyb
   904 | D:2      | Reached skill level 6 in Axes
   907 | D:2      | Reached XP level 4. HP: 35/37 MP: 4/4
  1600 | D:3      | Reached skill level 7 in Axes
  1634 | D:3      | Reached XP level 5. HP: 24/42 MP: 5/5
  1720 | D:3      | Found a glowing drain.
  1727 | Sewer    | Entered a sewer
  1836 | Sewer    | Reached skill level 1 in Armour
  1883 | Sewer    | Found a white marble altar of Elyvilon.
  2227 | D:3      | Reached XP level 6. HP: 47/51 MP: 6/6
  2409 | D:3      | Reached skill level 8 in Axes
  2448 | D:3      | Found a burning altar of Makhleb.
  2452 | D:3      | Became a worshipper of Makhleb the Destroyer
  2939 | D:3      | Acquired Makhleb's first power
  3112 | D:4      | Reached XP level 7. HP: 56/59 MP: 7/7
  3173 | D:4      | Noticed Sigmund
  3383 | D:4      | Noticed Dowan
  3514 | D:4      | Noticed Duvessa
  3598 | D:4      | Killed Duvessa
  3604 | D:4      | Killed Dowan
  3604 | D:4      | Reached skill level 9 in Axes
  3742 | D:4      | Acquired Makhleb's second power
  3745 | D:4      | Reached skill level 5 in Fighting
  4186 | D:4      | Reached XP level 8. HP: 64/69 MP: 8/8
  4313 | D:4      | Killed Sigmund
  4387 | D:5      | Entered Level 5 of the Dungeon
  4850 | D:5      | Found a white marble altar of Elyvilon.
  5002 | D:5      | Reached skill level 1 in Invocations
  5202 | D:6      | Acquired Makhleb's third power
  5418 | D:6      | Reached skill level 5 in Invocations
  5576 | D:6      | Found a deep blue altar of Sif Muna.
  5977 | D:6      | Found an opulent altar of Gozag.
  5978 | D:6      | Found a glowing silver altar of Zin.
  6112 | D:6      | Found a basalt altar of Yredelemnul.
  6245 | D:7      | Found a flagged portal.
  6265 | Bailey   | Entered a bailey
  6288 | Bailey   | Reached XP level 9. HP: 75/75 MP: 20/20
  6297 | Bailey   | Noticed a deep elf priest
  6307 | Bailey   | Killed a deep elf priest
  6551 | Bailey   | Reached skill level 10 in Invocations
  6632 | Bailey   | Noticed a deep elf knight
  6655 | Bailey   | Killed from afar by a deep elf knight

Action                   |  1- 3 |  4- 6 |  7- 9 || total
-------------------------+-------+-------+-------++-------
Melee: War axe           |    59 |   260 |   434 ||   753
       Hand axe          |    73 |       |       ||    73
Throw: Stone             |       |    10 |     5 ||    15
Invok: Minor Destruction |       |       |     6 ||     6
       Lesser Servant of |       |       |     2 ||     2
Evoke: Wand              |       |       |     4 ||     4
  Use: Potion            |       |     1 |       ||     1
       Scroll            |       |       |    14 ||    14
 Stab: Distracted        |       |     1 |       ||     1
  Eat: Chunk             |       |     7 |    12 ||    19
